 Dungeon Crawl Stone Soup version 0.21.1-1-g345015f (webtiles) character file.

549 Monsterracer the Insei (level 7, 0/50 HPs)
             Began as a Human Arcane Marksman on Feb 17, 2018.
             Was an Initiate of Okawaru.
             Killed by a puff of frost (15 damage)
             ... invoked by the wrath of Vehumet
             ... on level 5 of the Dungeon.
             The game lasted 00:12:27 (5395 turns).

Monsterracer the Insei (Human Arcane Marksman)      Turns: 5395, Time: 00:12:28

Health: 0/50       AC:  5    Str: 13    XL:     7   Next: 54%
Magic:  8/8        EV: 12    Int: 13    God:    Okawaru [......]
Gold:   115        SH:  0    Dex: 16    Spells: 5/8 levels left

rFire    . . .     SeeInvis .     - Unarmed
rCold    . . .     Gourm    .   (no shield)
rNeg     . . .     Faith    .   g - +0 ring mail (curse)
rPois    .         Spirit   .   (no helmet)
rElec    .         Reflect  .   (no cloak)
rCorr    .         Harm     .   (no gloves)
MR       .....                  (no boots)
Stlth    +.........             n - amulet of regeneration
HPRegen  0.56/turn              s - +3 ring of dexterity
MPRegen  0.11/turn              (no ring)

@: no status effects
A: no striking features
a: Renounce Religion


You were on level 5 of the Dungeon.
You worshipped Okawaru.
Okawaru was noncommittal.
You were not hungry.

You visited 1 branch of the dungeon, and saw 5 of its levels.

You collected 115 gold pieces.

Inventory:

Missiles
 f - 2 javelins
 i - 109 stones (quivered)
Armour
 g - a cursed +0 ring mail (worn)
 m - a +1 ring mail of poison resistance
Jewellery
 n - an amulet of regeneration (around neck)
 s - a +3 ring of dexterity (left hand)
Wands
 a - a wand of flame (3)
Scrolls
 d - a scroll of fear {!r}
 h - 3 scrolls of teleportation
 l - a scroll of enchant armour
 r - a scroll of amnesia
Potions
 b - a potion of curing
 e - a potion of resistance
 k - a potion of brilliance
 o - a potion of flight {unknown}
 p - a potion of degeneration
 q - 3 potions of haste
 t - a potion of might {unknown}
Comestibles
 c - 6 rations
 j - a chunk of flesh


   Skills:
 + Level 2.3 Fighting
 + Level 2.9 Throwing
 + Level 1.6 Armour
 + Level 2.7 Dodging
 * Level 6.0 Unarmed Combat
 - Level 1.0 Spellcasting
 - Level 3.0 Hexes
 + Level 0.0 Invocations


You had 5 spell levels left.
You knew the following spells:

 Your Spells              Type           Power        Failure   Level  Hunger
c - Portal Projectile     Hex/Tloc       #.....       67%         3    ####...


Dungeon Overview and Level Annotations

Branches:
Dungeon (5/15)
 Temple: D:4-7

Altars:
Ashenzari
Dithmenos
Elyvilon
Okawaru
Vehumet
Xom

Shops:
D:4 =

Annotations:
D:4 Autsider's ghost, amateur TeBe


Message History

A jackal is nearby!
You closely miss the jackal. The jackal barely misses you.
You hit the jackal.
The jackal is heavily wounded.
The jackal closely misses you.
You miss the jackal.
The jackal is heavily wounded.
The jackal completely misses you.
A jackal is nearby!
You hit the jackal.
You kill the jackal!
Key pressed, stopping explore.
No target in view!
No target in view!
There is a stone staircase leading down here.
There is a stone staircase leading down here.
You are feeling hungry.
You butcher the jackal corpse.
j - 2 chunks of flesh You see here a jackal skeleton. x2
Eating one of 2 chunks of flesh.
You eat one of the 2 chunks of flesh.
This raw flesh tastes terrible.
Partly explored, can't reach some items.
Partly explored, can't reach some items.
Partly explored, can't reach some items.
Partly explored, can't reach some items.
There is a stone staircase leading down here.
You climb downwards.
There is a stone staircase leading up here.
Okay, then.
Found a scroll of immolation.
Found an iron altar of Okawaru.
No target in view!
You open the door.
There is an open door here.
Found a shadowy altar of Dithmenos.
A centaur comes into view.
The centaur shouts!
The centaur wields a shortbow.
The centaur shoots an arrow.
The arrow closely misses you.
Found a stone staircase leading down.
The centaur shoots an arrow.
The arrow hits you!
You see here an arrow.
You take 17 damage, and have 33/50 hp.
MASSIVE DAMAGE!!
The centaur shoots an arrow.
The arrow hits you!
* * * LOW HITPOINT WARNING * * *
You see here an arrow.
You take 10 damage, and have 23/50 hp.
The centaur unwields an uncursed shortbow.
The centaur hits you but does no damage.
You hit the centaur.
The centaur is lightly wounded.
The centaur barely misses you.
The centaur hits you but does no damage.
You hit the centaur.
The centaur is lightly wounded.
The centaur hits you.
* * * LOW HITPOINT WARNING * * *
A worker ant comes into view.
You take 2 damage, and have 22/50 hp.
You punch the centaur! You punch the centaur.
The centaur is severely wounded.
The centaur hits you but does no damage.
You hit the centaur.
The centaur is almost dead.
The centaur barely misses you. The centaur hits you!
* * * LOW HITPOINT WARNING * * *
You take 6 damage, and have 16/50 hp.
You hit the centaur but do no damage.
The centaur is almost dead.
The centaur hits you but does no damage.
You punch the centaur!
You kill the centaur!
Your Unarmed Combat skill increases to level 6!
There is an iron altar of Okawaru here.
You kneel at the altar of Okawaru.
Okawaru welcomes you! The worker ant barely misses you.
Unknown command.
Press < or > to pray at altars.
The worker ant closely misses you.
You hit the worker ant.
The worker ant is lightly wounded.
The worker ant bites you.
* * * LOW HITPOINT WARNING * * *
You take 1 damage, and have 20/50 hp.
You hit the worker ant but do no damage.
The worker ant is lightly wounded.
The worker ant bites you.
* * * LOW HITPOINT WARNING * * *
You take 6 damage, and have 14/50 hp.
You punch the worker ant!
The worker ant is heavily wounded.
The worker ant misses you.
You hit the worker ant.
The worker ant is severely wounded.
The worker ant barely misses you.
Vehumet rains destruction down upon you!
The puff of frost hits you!
You die...

##..#......_.....
.........)....#.#
#.....8....#.#
#..........#.#
###._.((....?#
#..........######
###...#(........"
#.##....######
#.a@....'...#
####....###.#
#....# .....#.##
.#####.# #..<#.#
#.....# #######


You could see a worker ant and the wrath of Vehumet (unaware).

Vanquished Creatures
  Duvessa (D:4)
  An ogre (D:4)
  A centaur (D:5)
  Dowan (D:4)
  A bullfrog skeleton (D:4)
  Terence (D:2)
  A worker ant (D:4)
  3 adders
  An ooze (D:1)
  6 worms
  2 dart slugs
  A leopard gecko (D:3)
  2 orcs (D:3)
  12 bats
  5 giant cockroaches
  8 goblins
  9 hobgoblins
  13 jackals
  8 kobolds
  2 quokkas (D:3)
  A ball python (D:2)
  5 frilled lizards
  A quokka skeleton (D:4)
  9 rats
95 creatures vanquished.

Notes
Turn   | Place    | Note
-------+----------+-------------------------------------------
     0 | D:1      | Monsterracer the Human Arcane Marksman began the quest for the Orb.
     0 | D:1      | Reached XP level 1. HP: 15/15 MP: 2/2
   218 | D:1      | HP: 7/15 [jackal (3)]
   223 | D:1      | HP: 4/15 [jackal (1)]
   233 | D:1      | Reached skill level 1 in Unarmed Combat
   233 | D:1      | Reached XP level 2. HP: 3/21 MP: 3/3
   995 | D:1      | Reached skill level 2 in Unarmed Combat
  1009 | D:1      | Reached XP level 3. HP: 23/26 MP: 4/4
  1288 | D:1      | Learned a level 3 spell: Portal Projectile
  1935 | D:2      | HP: 13/26 [worm (6)]
  1937 | D:2      | HP: 4/26 [worm (10)]
  2026 | D:2      | HP: 7/26 [worm (10)]
  2175 | D:2      | Found a faded altar of an unknown god.
  2207 | D:2      | Reached skill level 3 in Unarmed Combat
  2233 | D:2      | Became a worshipper of Vehumet
  2233 | D:2      | Reached * piety under Vehumet
  2233 | D:2      | Offered knowledge of Magic Dart by Vehumet.
  2234 | D:2      | Fell from the grace of Vehumet
  2253 | D:2      | HP: 13/26 [worm (5)]
  2254 | D:2      | Reached XP level 4. HP: 16/32 MP: 5/5
  2410 | D:2      | HP: 13/32 [worm (11)]
  2424 | D:2      | Noticed Terence
  2486 | D:2      | HP: 14/32 [Terence/mace (3)]
  2488 | D:2      | Killed Terence
  2756 | D:2      | Reached skill level 4 in Unarmed Combat
  2756 | D:2      | Reached XP level 5. HP: 37/37 MP: 6/6
  3418 | D:3      | Found a shattered altar of Ashenzari.
  3989 | D:3      | Found a shimmering altar of Xom.
  3991 | D:3      | Found a stormy altar of Qazlal.
  3991 | D:3      | Found a shimmering altar of Xom.
  3993 | D:3      | Found a stormy altar of Qazlal.
  3993 | D:3      | Found an iron altar of Okawaru.
  3993 | D:3      | Found a blossoming altar of Fedhas.
  4093 | D:4      | Found a radiant altar of Vehumet.
  4102 | D:4      | HP: 17/37 [hobgoblin/wand of flame (4) (10)]
  4235 | D:4      | Reached skill level 5 in Unarmed Combat
  4235 | D:4      | Reached XP level 6. HP: 26/43 MP: 7/7
  4297 | D:4      | Noticed Autsider's ghost (amateur TeBe)
  4305 | D:4      | Noticed an ogre
  4385 | D:4      | Noticed Duvessa
  4385 | D:4      | Noticed Dowan
  4404 | D:4      | HP: 20/43 [Duvessa/short sword (8)]
  4471 | D:4      | HP: 20/43 [Duvessa/short sword (10)]
  4754 | D:5      | Entered Level 5 of the Dungeon
  4764 | D:4      | Killed Duvessa
  4787 | D:4      | HP: 22/44 [Dowan/spear (3)]
  4790 | D:4      | HP: 4/44 [Dowan/shard of ice (16)]
  4791 | D:4      | Killed Dowan
  4791 | D:4      | Reached skill level 1 in Armour
  4791 | D:4      | Reached XP level 7. HP: 4/49 MP: 8/8
  4981 | D:4      | Found Fipleel's Jewellery Shoppe.
  5050 | D:4      | Found a white marble altar of Elyvilon.
  5068 | D:4      | HP: 21/49 [ogre/giant club (7)]
  5366 | D:5      | Found an iron altar of Okawaru.
  5370 | D:5      | Found a shadowy altar of Dithmenos.
  5375 | D:5      | HP: 23/50 [centaur/arrow (11)]
  5381 | D:5      | HP: 16/50 [centaur (7)]
  5383 | D:5      | Reached skill level 6 in Unarmed Combat
  5386 | D:5      | Became a worshipper of Warmaster Okawaru
  5392 | D:5      | HP: 20/50 [worker ant (2)]
  5395 | D:5      | Killed by a puff of frost

Skill      XL: |  1  2  3  4  5  6  7 |
---------------+----------------------+-----
Unarmed Combat | 1 2 3 4 5 6 |  6.0
Armour         | 1 |  1.6
Fighting       | 2 |  2.3
Throwing       | |  2.9
Dodging        | |  2.7
Spellcasting   | |  1.0
Hexes          | |  3.0

Action                   |  1- 3 |  4- 6 |  7- 9 || total
-------------------------+-------+-------+-------++-------
Melee: Unarmed           |   177 |   306 |    30 ||   513
       Punch             |       |     7 |     2 ||     9
Throw: Javelin           |    11 |     3 |       ||    14
       Throwing net      |     2 |       |       ||     2
       Stone             |    18 |     2 |       ||    20
 Cast: Corona            |     1 |       |       ||     1
Invok: Renounce Religion |     1 |       |       ||     1
  Use: Scroll            |       |    13 |       ||    13
 Stab: Held in net/web   |     2 |       |       ||     2
  Eat: Chunk             |     4 |     9 |     2 ||    15
Armor: Robe              |    47 |     6 |       ||    53
       Scale mail        |       |    94 |       ||    94
       Ring mail         |       |     5 |     8 ||    13
Dodge: Dodged            |   123 |   144 |    20 ||   287

Vault maps used:
D:1:      nzn_arrival_settlement
D:2:      chequers_ecumenical_altar_island, minmay_goblin_kobold_house,
          uniq_terence
D:3:      doesnt_xom_only_xom, marbit_many_paths, serial_forest,
          infiniplex_forest_lined_2, infiniplex_forest_clump_curved,
          infiniplex_forest_lined_room_3, infiniplex_forest_clump_small,
          infiniplex_forest_clump_small, infiniplex_forest_straight_4,
          infiniplex_forest_clump_tiny, infiniplex_forest_lined_ring,
          infiniplex_forest_lined_room_3, first_ration,
          roderic_nine_men_s_morris
D:4:      kennysheep_mini, serial_shops, shop, corexii_item_surrounded_by_moat,
          vehumet_altar_wand_db, uniq_duvessa
D:5:      grunt_temple_overflow_lords_of_destruction,
          grunt_temple_overflow_open, serial_shops, shop, shop, shop, shop,
          kennysheep_little_box
